 Dungeon Crawl Stone Soup version 0.30-a0-956-gcec3b41aec (webtiles) character file.

Game seed: 4169498089508859637

7 CowFu the Shield-Bearer (level 1, 0/19 HPs)
             Began as a Minotaur Fighter on Mar 29, 2023.
             Killed from afar by a dart slug (6 damage)
             ... with a slug dart
             ... on level 1 of the Dungeon.
             The game lasted 00:00:08 (45 turns).

CowFu the Shield-Bearer (Minotaur Fighter)            Turns: 45, Time: 00:00:08

Health: 0/19       AC:  6    Str: 20    XL:     1   Next: 83%
Magic:  0/0        EV:  9    Int:  5    God:
Gold:   0          SH:  4    Dex:  9    Spells: 0/0 levels left

rFire   . . .      SeeInvis .    a - +0 long sword
rCold   . . .      Faith    .    c - +0 buckler
rNeg    . . .      Spirit   .    b - +0 scale mail
rPois   .          Reflect  .    (helmet restricted)
rElec   .          Rampage  .    (no cloak)
rCorr   .                        (no gloves)
Will    .....                    (no boots) Stlth
                                 (no amulet)
HPRegen 0.23/turn                (no ring)
MPRegen 0.07/turn                (no ring)

@: no status effects
A: horns 2, retaliatory headbutt
a: no special abilities


You were on level 1 of the Dungeon.
You visited 1 branch of the dungeon, and saw 1 of its levels.

Inventory:

Hand Weapons
 a - a +0 long sword (weapon)
Armour
 b - a +0 scale mail (worn)
 c - a +0 buckler (worn)
Scrolls
 e - a scroll of fog {unknown}
Potions
 d - a potion of might


   Skills:
 - Level 3.6 Fighting
 + Level 3.2 Long Blades
 - Level 3.6 Armour
 - Level 3.6 Shields


You couldn't memorise any spells.
You didn't know any spells.
Your spell library was empty.

Dungeon Overview and Level Annotations

Branches:
Dungeon (1/15)

Altars:


Innate Abilities, Weirdness & Mutations

You have a pair of horns on your head.
You reflexively headbutt those who attack you in melee.


Message History

The endoplasm hits you but does no damage.
The bat hits you but does no damage. The endoplasm freezes you.
You are frozen.
The rat misses you. You furiously retaliate!
You headbutt the rat. The dart slug launches a dart at you.
The slug dart hits you but does no damage.
There are monsters nearby!
You hit the rat.
You kill the rat!
The bat closely misses you.
The endoplasm hits you but does no damage.
Your Long Blades skill increases to level 3!
There are monsters nearby!
You hit the endoplasm.
The endoplasm is moderately wounded.
The bat hits you but does no damage. The dart slug launches a dart at you.
The slug dart hits you. The endoplasm hits you.
There are monsters nearby!
You barely miss the endoplasm.
The endoplasm is lightly wounded.
You block the bat's attack. The endoplasm freezes you.
You are frozen.
The bat closely misses you. You furiously retaliate!
You headbutt the bat.
You kill the bat!
There are monsters nearby!
You are too injured to fight recklessly!
There are monsters nearby!
You are too injured to fight recklessly!
There are monsters nearby!
You are too injured to fight recklessly!
You hit the endoplasm. You headbutt the endoplasm.
You kill the endoplasm!
The dart slug launches a dart at you. The slug dart hits you.
The dart slug launches a dart at you. The slug dart hits you.
You die...

♣.♣ . ... #. ♣.♣
#.####### #.#
#.......###♣.♣
#.........#.#
#.........♣.♣
####...........# .
......w@.....### .#
.......).†....######.#
..............##.....
............).##....
..............##..######
............†.##..#.....
............†.'...#.....
..............##..#.....
.........##..#.....


You could see a dart slug.

Vanquished Creatures
  An endoplasm (D:1)
  A giant cockroach (D:1)
  A goblin (D:1)
  A hobgoblin (D:1)
  A bat (D:1)
  A rat (D:1)
6 creatures vanquished.

Notes
Turn   | Place    | Note
-------+----------+-------------------------------------------
     0 | D:1      | CowFu the Minotaur Fighter began the quest for the Orb.
     0 | D:1      | Reached XP level 1. HP: 19/19 MP: 0/0
    45 | D:1      | Killed from afar by a dart slug

Illustrated notes

Levels and vault maps discovered:
D:1:      lemuel_arrival_room, layout_basic, serial_forest,
          infiniplex_forest_end_1, infiniplex_forest_end_3,
          infiniplex_forest_end_1, infiniplex_forest_lined_2,
          infiniplex_forest_diagonal, ebering_ecumenical_altar_webs

Skill      XL: |  1 |
---------------+----+-----
Long Blades    | 3 |  3.2
Fighting       | |  3.6
Armour         | |  3.6
Shields        | |  3.6

Action                     || total
---------------------------++-------
  Melee: Long sword        ||    14
         Headbutt          ||     1
 Armour: Scale mail        ||     9
  Dodge: Dodged            ||     9
  Block: Buckler           ||     5

Table legend: (Time is in decaauts)
 A = Elapsed time spent in this place.
 B = Non-inter-level travel time spent in this place.
 C = Inter-level travel time spent in this place.
 D = Time resting spent in this place.
 E = Time spent auto-exploring this place.
 F = Levels seen in this place.
 G = Mean time per level.
                   A        B        C        D        E       F      G
               +--------+--------+--------+--------+--------+-----+--------+
         Total |     49 |     49 |      0 |      0 |     23 |   1 |   49.0 |
       Dungeon |     49 |     49 |      0 |      0 |     23 |   1 |   49.0 |
               +--------+--------+--------+--------+--------+-----+--------+

Top non-repeatable levels by time:
     D:1: 49 daAuts
